AoeStats
← matheus_deves

Marketplace

505942586Analyzed
1v1 RM · 22d ago on Sep 11, 2026· 40m 54s· 2 players
Game mode
Random Map
Map size
Tiny (2 player)
Population
200
Speed
Normal
Resources
Standard
Victory
Conquest
Starting age
Dark Age
Ending age
Imperial Age
RankedLock teamsTeams togetherTeam positionsShared explorationLock speedFull tech treeHidden civsTurbo modeCheats
Victory
Defeat
🇨🇦 Ethiopians · Canada
505
+18
🇧🇷 Maya · Brazil
538
-33
juliens_23
12:35 Feudal Age
13:01 Double-Bit Axe
19:46 Castle Age
19:26 Gold Mining
19:30 Stone Mining
22:11 Gold Shaft Mining
21:29 Crossbowman
23:53 Stone Shaft Mining
25:33 Thumb Ring
34:05 Fletching
34:17 Padded Archer Armor
35:48 Caravan
matheus_deves
10:39 Feudal Age
8:59 Loom
12:13 Wheelbarrow
13:45 Double-Bit Axe
17:19 Padded Archer Armor
17:56 Forging
31:50 Castle Age
30:59 Gold Mining
33:09 Elite Skirmisher
33:24 Eagle Warrior
36:10 Leather Archer Armor
35:17 Crossbowman
40:15 Hand Cart
Connection lost

Rejoining the realm…

Still unreachable

The connection could not be restored.

Session expired

The server has moved on; the page needs a fresh start.